 Dungeon Crawl Stone Soup version 0.22.0-36-g8e74550 (webtiles) character file.

25 Marcoleric the Chiller (level 2, -7/11 HPs)
             Began as a Felid Ice Elementalist on Aug 24, 2018.
             Mangled by an ogre
             ... wielding a +0 giant club
              (18 damage)
             ... on level 2 of the Dungeon.
             The game lasted 00:07:36 (1520 turns).

Marcoleric the Chiller (Felid Ice Elementalist)     Turns: 1520, Time: 00:07:37

Health: -7/11      AC:  1    Str:  4    XL:     2   Next: 86%
Magic:  5/6        EV: 18    Int: 16    God:
Gold:   48         SH:  0    Dex: 16    Spells: 2/5 levels left
                                        Lives:  0   Deaths: 0

rFire    . . .     SeeInvis +   (weapon unavailable)
rCold    . . .     Gourm    .   (shield unavailable)
rNeg     . . .     Faith    .   (armour unavailable)
rPois    .         Spirit   .   (helmet unavailable)
rElec    .         Reflect  .   (cloak unavailable)
rCorr    .         Harm     .   (gloves unavailable)
MR       .....                  (boots unavailable)
Stlth    +++.......             (no amulet)
HPRegen  0.03/turn              (no ring)
MPRegen  0.10/turn              (no ring)

@: quick
A: very small, no armour, no weapons or thrown items, stealth, claws 1, fangs 3,
see invisible, carnivore, speed 1, shaggy fur 1, slow metabolism 1, sharp paws
a: no special abilities


You were on level 2 of the Dungeon.
You were hungry.

You visited 1 branch of the dungeon, and saw 2 of its levels.

You collected 48 gold pieces.

Inventory:

Scrolls
 e - a scroll of enchant armour {unknown}
Potions
 f - a potion of curing
Comestibles
 b - 5 rations


   Skills:
 + Level 3.0 Dodging
 + Level 2.9 Stealth
 + Level 2.4 Spellcasting
 + Level 0.9 Conjurations
 + Level 3.2 Ice Magic


You had 2 spell levels left.
You knew the following spells:

 Your Spells              Type           Power        Failure   Level  Hunger
a - Freeze                Ice            ##..         5%          1    #......
b - Throw Frost           Conj/Ice       #.....       13%         2    ###....

Your spell library contained the following spells:

 Spells                   Type           Power        Failure   Level  Hunger
 Ozocubu's Armour         Chrm/Ice       #.......     30%         3    ###....
 Throw Icicle             Conj/Ice       #.......     63%         4    #####..
 Summon Ice Beast         Ice/Summ       #.......     71%         4    #####..


Dungeon Overview and Level Annotations

Branches:
Dungeon (2/15)

Altars:


Innate Abilities, Weirdness & Mutations

You cannot wear armour.
You are incapable of wielding weapons or throwing items.
Your paws allow you to move quietly. (Stealth)
You have sharp claws.
You have razor-sharp teeth.
You have supernaturally acute eyesight. (SInv)
You are carnivorous and can eat meat at any time.
You cover ground quickly.
You are covered in fur. (AC +1)
You have a slow metabolism.
Your sharp claws are effective at attacking unaware monsters.


Message History

You freeze the frilled lizard.
You kill the frilled lizard!
Your Dodging skill increases to level 3!
You see here 17 arrows.
Found 25 bolts.
Found a ration.
An ogre comes into view. It is wielding a giant club.
The ogre shouts!
Found a stone staircase leading up.
You scratch the ogre but do no damage. The ogre barely misses you.
Casting: Freeze (safe; 5% risk of failure)
Confirm with . or Enter, or press ? or * to list all spells.
Aiming: Freeze (safe; 5% risk of failure)
Press: ? - help, Shift-Dir - straight line, f - ogre
Aim: an ogre, wielding a giant club You freeze the ogre.
The ogre is moderately wounded.
The ogre hits you with a giant club!!
Ouch! That really hurt!
You die...

##... .....#
##.######.#..########
...# ...#.#. ....#..
#>.##.#.... .(..#
........#.#####..#
#..######.......##
...######.#####..##
##.##.....#
##..#.#.#.
...##.###.# #@.......
####...##.# #O.###.#.
.....#....# .%.#
..##...#### #.#.#
.####.## #. .# ## .#
#. .# # .# #. .# . ..
.< .# # ##


You could see an ogre.

Vanquished Creatures
  An adder (D:2)
  A giant cockroach (D:1)
  2 hobgoblins (D:1)
  4 bats (D:1)
  3 frilled lizards
  3 kobolds
  5 rats (D:1)
19 creatures vanquished.

Notes
Turn   | Place    | Note
-------+----------+-------------------------------------------
     0 | D:1      | Marcoleric the Felid Ice Elementalist began the quest for the Orb.
     0 | D:1      | Reached XP level 1. HP: 7/7 MP: 4/4
   668 | D:1      | Reached XP level 2. HP: 11/11 MP: 4/6
   674 | D:1      | Learned a level 2 spell: Throw Frost
  1516 | D:2      | Noticed an ogre
  1520 | D:2      | Mangled by an ogre

Skill      XL: |  1  2 |
---------------+-------+-----
Ice Magic      | 3 |  3.2
Dodging        | 3 |  3.0
Stealth        | |  2.9
Spellcasting   | |  2.4
Conjurations   | |  0.9

Action                   || total
-------------------------++-------
Melee: Unarmed           ||    15
       Bite              ||     1
 Cast: Freeze            ||    27
       Throw Frost       ||     6
  Use: Scroll            ||     1
       Potion            ||     4
 Stab: Sleeping          ||     2
Armor: Skin              ||     7
Dodge: Dodged            ||    20
